Map: Ley Lines

Players

Vaisravana - Winner!

  • Race: Zerg Zerg
  • Spawn Location: 7:00

A.I. 2 (Very Hard)

  • Race: Zerg Zerg
  • Spawn Location: 1:00

VOD

Have the link to the VOD?

Description

Time

  • Played on: May 5, 2025, 8:13 a.m.
  • Length: 4:12
Show
View Real Time Build Order
Export as new Build Order

Vaisravana Zerg - Winner!

Build Orders: 1 Base Baneling Bust, Pool First 

Get SALT Encoding   

  12  0:00  Drone  
  13  0:14  Extractor  
  12  0:24  Spawning Pool  
  12  0:28  Drone  
  12  0:33  Drone  
  13  0:37  Drone  
  14  0:49  Overlord  
  14  1:11  Zergling x4  
  15  1:12  Zergling x2  
  15  1:14  Metabolic Boost  
  17  1:23  Zergling x2  
  18  1:35  Zergling x2  
  18  1:36  Baneling Nest  
  18  1:44  Zergling x2  
  19  1:54  Zergling x2  
  20  2:05  Zergling x2  
  21  2:16  Overlord  
  21  2:21  Baneling x2  
  21  2:22  Baneling  
  21  2:27  Zergling x2  
  21  2:50  Zergling x2  
  21  2:51  Zergling x2  
  20  2:56  Hatchery  
  15  2:59  Zergling x2  
  16  3:08  Queen  
  17  3:13  Zergling x2  
  17  3:18  Baneling  
  18  3:21  Zergling x2  
  18  3:22  Baneling  
  19  3:31  Zergling x2  
  20  3:42  Zergling x2  
Show
View Real Time Build Order
Export as new Build Order

A.I. 2 (Very Hard) Zerg 

Build Orders: Pool First 

Get SALT Encoding   

  12  0:00  Drone  
  13  0:12  Overlord  
  13  0:16  Drone  
  14  0:30  Drone  
  14  0:31  Drone  
  14  0:34  Drone  
  17  0:48  Spawning Pool  
  17  0:49  Drone  
  17  1:10  Hatchery  
  16  1:12  Drone  
  16  1:16  Extractor  
  16  1:18  Extractor  
  15  1:20  Drone  
  15  1:24  Drone  
  17  1:28  Drone  
  18  1:38  Drone  
  19  1:49  Overlord  
  19  1:59  Queen  
  21  2:04  Zergling x2  
  22  2:10  Zergling x2  
  23  2:21  Zergling x2  
  23  2:22  Zergling x2  
  24  2:32  Zergling x4  
  25  2:43  Zergling x4  
  15  2:53  Drone  
  11  3:05  Drone  
  12  3:15  Drone  
  13  3:23  Drone  
  14  3:30  Drone  
  15  3:38  Drone  
  13  3:44  Drone  
  14  3:49  Drone  
  12  3:57  Drone  
Tags
 
Add a new tag
Caveats
  • Supply blocks, unpowered buildings, or Contaminate may cause inaccurate times.
  • Supply counts are checked every 10 seconds.